 Dungeon Crawl Stone Soup version 0.17-a0-1979-g1c74939 (webtiles) character file.

119 BarneyGumball the Changer (level 4, -7/35 HPs)
             Began as a Draconian Transmuter on Oct 5, 2015.
             Killed by nerve-wracking pain
             ... invoked by an orc priest
              (8 damage)
             ... on level 3 of the Dungeon.
             The game lasted 00:15:32 (2007 turns).

BarneyGumball the Changer (Draconian Transmuter)    Turns: 2007, Time: 00:15:32

Health: -7/35      AC:  6    Str: 12    XL:     4   Next: 73%
Magic:  8/8        EV: 15    Int: 13    God:
Gold:   73         SH:  0    Dex: 13    Spells: 2 memorised, 4 levels left

rFire  . . .     SeeInvis .       - Unarmed
rCold  . . .     Clarity  .     (armour unavailable)
rNeg   . . .     SustAt   .     (no shield)
rPois  .         Gourm    .     (helmet restricted)
rElec  .         Spirit   .     (no cloak)
rCorr  .         Warding  .     v - +0 pair of gloves
rMut   .         Stasis   .     (no boots)
MR     .....                    (no amulet)
Stlth  +.........               (no ring)
                                j - +3 ring of evasion

@: lethally poisoned (-7 -> -29), not resistant to hostile enchantments, very
unstealthy
A: unfitting armour, cold-blooded, AC +5
a: no special abilities


You were on level 3 of the Dungeon.
You were not hungry.

You visited 1 branch of the dungeon, and saw 3 of its levels.

You collected 73 gold pieces.

Inventory:

Missiles
 a - 52 arrows (quivered)
 r - 8 poisoned needles
Armour
 v - a +0 pair of gloves (worn)
Jewellery
 j - a +3 ring of evasion (left hand)
Scrolls
 g - 2 scrolls of random uselessness {unknown}
 h - 2 scrolls of identify {unknown}
 i - 2 scrolls of enchant armour {unknown}
 l - a scroll of fear {unknown}
 m - a scroll of noise {unknown}
 o - a scroll of teleportation {unknown}
 w - a scroll of remove curse {unknown}
Potions
 e - a potion of cure mutation {unknown}
 k - a potion of magic {unknown}
 n - a potion of cancellation {unknown}
 p - a potion of flight {unknown}
 q - a potion of lignification {unknown}
 u - a potion of ambrosia
Books
 b - a book of Changes

   Spells                             Type                      Level
   a - Beastly Appendage              Transmutation                1
   b - Sticks to Snakes               Transmutation                2
   c - Spider Form                    Transmutation/Poison         3
   d - Ice Form                       Ice/Transmutation            4
   e - Blade Hands                    Transmutation                5
Comestibles
 c - a bread ration
 f - a royal jelly
 t - a meat ration
 x - 2 chunks of flesh


   Skills:
 - Level 1.1 Fighting
 - Level 2.0 Dodging
 - Level 3.0 Unarmed Combat
 + Level 2.9 Spellcasting
 * Level 4.2 Transmutations


You had 4 spell levels left.
You knew the following spells:

 Your Spells              Type           Power        Failure   Level  Hunger
a - Beastly Appendage     Trmt           ##....       6%          1    #......
b - Spider Form           Trmt/Pois      #.........   34%         3    ###....


Dungeon Overview and Level Annotations

Branches:
Dungeon (3/15)

Altars:
Nemelex Xobeh


Innate Abilities, Weirdness & Mutations

Your plain brown scales are hard (AC +5).
Your body does not fit into most forms of armour.
You are cold-blooded and may be slowed by cold attacks.


Message History

The orc priest is heavily wounded.
You feel sick. The orc priest closely misses you.
You barely miss the orc priest.
The orc priest is heavily wounded.
Your talons disappear.
You feel sick.
The orc priest hits you with a whip of venom!
* * * LOW HITPOINT WARNING * * *
You are more poisoned.
* * * LOW HITPOINT WARNING * * *
You feel very sick.
* * * LOW HITPOINT WARNING * * *
You feel sick.
* * * LOW HITPOINT WARNING * * *
You feel sick.
* * * LOW HITPOINT WARNING * * *
You feel sick.
The orc priest invokes the aid of Beogh against you.
Pain shoots through your body!
You die...

.......#.).# .#
########.#.# .#
#........#.### .#
#.#####..#...#######.####
..#......#..............'
###.###.##...........####
....#......##...........#
###.#)#.#####.......###.#
....#.#.....'.).@o..#
....#.#######.......#
....#.#.................
..#...#.################
..#)^##.# .....##.#
..##.##<# ..##.##.##
#)##.....#


You could see an orc priest.

Vanquished Creatures
  An orc priest (D:3)
  2 adders (D:2)
  An adder skeleton (D:2)
  3 worms (D:2)
  4 orcs (D:3)
  A ball python (D:2)
  3 giant cockroaches (D:2)
  5 goblins
  11 hobgoblins
  6 kobolds
  A ball python skeleton (D:2)
  10 bats
  A giant gecko skeleton (D:2)
  4 giant newts
  4 rats
57 creatures vanquished.

Notes
Turn   | Place    | Note
--------------------------------------------------------------
     0 | D:1      | BarneyGumball the Draconian Transmuter began the quest for the Orb.
     0 | D:1      | Reached XP level 1. HP: 16/16 MP: 3/3
   209 | D:1      | Reached XP level 2. HP: 23/23 MP: 5/5
   854 | D:1      | Found a sparkling altar of Nemelex Xobeh.
  1026 | D:2      | Reached XP level 3. HP: 26/28 MP: 6/6
  1465 | D:2      | Reached XP level 4. HP: 30/35 MP: 5/7
  1535 | D:2      | Learned a level 3 spell: Spider Form
  1835 | D:3      | Reached skill level 4 in Transmutations
  1987 | D:3      | HP: 1/35 [orc priest/whip of venom (8)]
  2007 | D:3      | HP: 1/35 [poisoned by an orc priest]
  2007 | D:3      | Killed from afar by an orc priest

Vault maps used:
D:1:      lightli_arrival_lavapool, minmay_door_square,
          nemelex_xobeh_ov_fountains_minmay
D:2:      serial_undead, serial_undead_e, serial_undead_b, serial_undead_d,
          serial_undead_b
D:3:      old_standard_altar, grunt_temple_overflow_open,
          kennysheep_generic_room_8, uniq_robin

Action                   |  1- 3 |  4- 6 || total
-------------------------+-------+-------++-------
Melee: Unarmed           |   168 |    82 ||   250
 Cast: Beastly Appendage |     4 |     3 ||     7
  Use: Potion            |       |     3 ||     3
  Eat: Chunk             |     2 |     2 ||     4
